 Dungeon Crawl Stone Soup version 0.20.1-1-g8b1a95d (webtiles) character file.

1538 toffzen the Insei (level 8, -1/60 HPs)
             Began as a Vine Stalker Transmuter on Dec 18, 2017.
             Succumbed to a gnoll sergeant's poison
             ... on level 7 of the Dungeon.
             The game lasted 00:37:43 (8713 turns).

toffzen the Insei (Vine Stalker Transmuter)         Turns: 8713, Time: 00:37:45

Health: -1/60      AC: 24    Str: 13    XL:     8   Next: 86%
Magic:  0/12       EV:  2    Int: 15    God:
Gold:   386        SH:  0    Dex: 15    Spells: 5/11 levels left

rFire    . . .     SeeInvis .     - Unarmed
rCold    . . .     Gourm    .   (no shield)
rNeg     + + +     Faith    .   (armour currently unavailable)
rPois    +         Spirit   +   (helmet currently unavailable)
rElec    .         Reflect  .   (cloak currently unavailable)
rCorr    +         Harm     .   (gloves currently unavailable)
MR       +....     NoTele   +   (boots currently unavailable)
Stlth    +.........             (no amulet)
Regen    0.6/turn               C - ring of resist corrosion
MPRegen  0.2/turn               (no ring)

@: lethally poisoned (-1 -> -22), tree-form
A: regeneration 1, magic shield, no potion heal 3, rot immunity
a: no special abilities


You were on level 7 of the Dungeon.
You were not hungry.
You were a tree.
You visited 1 branch of the dungeon, and saw 7 of its levels.
You also visited: Ossuary.

You collected 386 gold pieces.

Inventory:

Hand Weapons
 u - a +1 hunting sling
Missiles
 a - 79 arrows
 f - 157 stones (quivered)
Armour
 b - a +0 robe (melded)
 e - a +0 shield
 p - a +0 leather armour
 s - a +0 cloak (melded)
 y - a +2 hat (melded)
 F - a +0 pair of gloves (melded)
Jewellery
 C - a ring of resist corrosion (left branch)
Wands
 x - a wand of acid (6/15)
 A - a wand of confusion (24/48)
Scrolls
 g - 3 scrolls of remove curse
 k - 2 scrolls of enchant weapon
 l - a scroll of immolation {unknown}
 m - a scroll of teleportation {unknown}
 n - 2 scrolls of amnesia
 o - a scroll of magic mapping
 B - a scroll of noise {unknown}
 D - a scroll of fear {unknown}
 L - a scroll of identify
Potions
 j - a potion of flight
 q - a potion of might
 r - a potion of curing
 t - a potion of degeneration {unknown}
 z - a potion of mutation {unknown}
 E - a potion of heal wounds {unknown}
 G - a potion of ambrosia {unknown}
 I - a potion of brilliance {unknown}
 J - a potion of invisibility
 K - a potion of agility {unknown}
Books
 c - a book of Changes

   Spells                             Type                      Level
   a - Beastly Appendage              Transmutation                1
   b - Sticks to Snakes               Transmutation                2
   c - Spider Form                    Transmutation/Poison         3
   d - Ice Form                       Ice/Transmutation            4
   e - Blade Hands                    Transmutation                5
Comestibles
 d - 4 bread rations
 h - 3 fruits
 v - 3 meat rations
 w - 2 royal jellies
 H - 17 chunks of flesh


   Skills:
 + Level 3.4 Fighting
 - Level 1.5 Dodging
 + Level 7.8 Unarmed Combat
 - Level 2.1 Spellcasting
 + Level 7.3 Transmutations


You had 5 spell levels left.
You knew the following spells:

 Your Spells              Type           Power        Failure   Level  Hunger
a - Beastly Appendage     Tmut           ###...       1%          1    #......
b - Sticks to Snakes      Tmut           ###.....     1%          2    ###....
c - Spider Form           Tmut/Pois      ##........   14%         3    ###....


Dungeon Overview and Level Annotations

Branches:
Dungeon (7/15)
 Temple: D:4-7

Altars:
Fedhas
Gozag
Qazlal
Trog

Shops:
D:4 *

Annotations:
D:2 1 runed door


Innate Abilities, Weirdness & Mutations

((You have razor-sharp teeth.))
Your natural rate of healing is unusually fast.
When hurt, damage is shared between your health and your magic reserves.
((Your bite disrupts and absorbs the magic of your enemies.))
Potions cannot restore your health.
You are immune to rotting.


Message History

You bite the gnoll sergeant!
The gnoll sergeant looks as sick as possible!
The gnoll sergeant is moderately wounded.
You feel sick.
The gnoll sergeant hits you with a spear of venom!
* * * LOW HITPOINT WARNING * * *
You are more poisoned.
Your system rejects the healing.
You feel better.
The gnoll sergeant hits you with a spear of venom!
* * * LOW HITPOINT WARNING * * *
You are lethally poisoned!
Unknown command.
Your transformation has ended.
Your +0 cloak unmelds from your body.
Your +2 hat unmelds from your body.
Your +0 pair of gloves unmelds from your body.
Your +0 robe unmelds from your body.
You turn into a tree.
Your +0 cloak melds into your body.
Your +2 hat melds into your body.
Your +0 pair of gloves melds into your body.
Your +0 robe melds into your body.
Your roots penetrate the ground.
You die...

♣...♣
♣...♣♣♣♣
♣.g...♣♣
♣....♣♣♣♣)♣♣
♣...♣♣♣ ♣♣g♣
... ♣♣)♣ .
♣♣).♣ ♣g♣♣♣
# ♣♣♣♣♣♣ #
♣♣....♣ #
♣..♣♣...♣ #
♣♣.♣♣♣♣.♣ #
♣♣.♣♣ ♣.. #
♣.♣♣ ♣♣♣ #
♣♣..♣ #
♣♣♣..♣♣ #
♣[..♣♣ #


You could see a gnoll sergeant.

Vanquished Creatures
  A sky beast (D:7)
  A phantom (D:5)
  2 centaurs
  A big kobold (D:5)
  2 bullfrogs
  A scorpion (D:6)
  A crimson imp (D:3)
  A jelly (D:7)
  A centaur zombie (D:6)
  2 hounds (D:7)
  7 orc wizards
  6 orc priests
  A centaur skeleton (D:4)
  An iguana (D:5)
  2 worker ants
  2 mummies (Ossuary)
  Robin (D:4)
  7 adders
  3 gnolls (D:7)
  2 shadow imps (D:6)
  An ooze (D:2)
  An adder skeleton (D:5)
  3 worms
  2 dart slugs
  2 leopard geckos
  24 orcs
  2 giant cockroaches (D:1)
  13 goblins
  10 hobgoblins
  7 jackals
  9 kobolds
  3 quokkas
  6 bats
  8 frilled lizards
  3 gnoll zombies (Ossuary)
  A kobold zombie (Ossuary)
  A leopard gecko skeleton (D:6)
  An orc zombie (Ossuary)
  A quokka skeleton (D:4)
  6 rats
149 creatures vanquished.

Vanquished Creatures (collateral kills)
  Jessica (D:3)
  A worker ant (D:5)
  2 adders
  A worm (D:2)
  An orc (D:5)
  A ball python (D:2)
7 creatures vanquished.

Vanquished Creatures (others)
  A plant (D:5)
1 creature vanquished.

Grand Total: 157 creatures vanquished

Notes
Turn   | Place    | Note
-------+----------+-------------------------------------------
     0 | D:1      | toffzen the Vine Stalker Transmuter began the quest for the Orb.
     0 | D:1      | Reached XP level 1. HP: 9/9 MP: 4/4
   267 | D:1      | Reached XP level 2. HP: 14/14 MP: 6/6
   452 | D:1      | Learned a level 2 spell: Sticks to Snakes
  1444 | D:2      | Reached XP level 3. HP: 10/17 MP: 5/7
  1583 | D:2      | Learned a level 3 spell: Spider Form
  1606 | D:2      | Found a bloodstained altar of Trog.
  2584 | D:2      | Found a runed door.
  2684 | D:2      | Gained mutation: Your natural rate of healing is unusually fast. [Vine Stalker growth]
  2684 | D:2      | Reached XP level 4. HP: 18/21 MP: 6/8
  3320 | D:3      | Reached XP level 5. HP: 14/25 MP: 6/9
  3568 | D:3      | Noticed Jessica
  3579 | D:3      | Killed Jessica
  3579 | D:3      | Reached skill level 5 in Unarmed Combat
  3896 | D:4      | Found a stormy altar of Qazlal.
  3950 | D:4      | Found a bloodstained altar of Trog.
  4048 | D:4      | Found a blossoming altar of Fedhas.
  4068 | D:4      | Noticed a centaur
  4250 | D:4      | Found Vyodiush's Assorted Antiques.
  4392 | D:4      | Killed a centaur
  4392 | D:4      | Reached XP level 6. HP: 19/29 MP: 7/10
  4742 | D:4      | Reached skill level 5 in Transmutations
  4885 | D:4      | Noticed Robin
  4960 | D:4      | Killed Robin
  5115 | D:4      | Reached XP level 7. HP: 32/32 MP: 11/11
  5793 | D:5      | Entered Level 5 of the Dungeon
  6670 | D:5      | Found an opulent altar of Gozag.
  6739 | D:6      | Reached skill level 1 in Fighting
  6890 | D:6      | Gained mutation: You have razor-sharp teeth. [Vine Stalker growth]
  6890 | D:6      | Reached XP level 8. HP: 33/37 MP: 8/12
  8147 | D:7      | Found a sand-covered staircase.
  8156 | Ossuary  | Entered an ossuary
  8712 | D:7      | HP: 1/40 [gnoll sergeant/spear of venom (7)]
  8713 | D:7      | Succumbed to a gnoll sergeant's poison

Skill      XL: |  1  2  3  4  5  6  7  8 |
---------------+-------------------------+-----
Transmutations | 3 4 5 6 7 |  7.3
Unarmed Combat | 4 5 6 7 |  7.8
Fighting       | 1 3 |  3.4
Dodging        | |  1.5
Spellcasting   | |  2.1

Action                   |  1- 3 |  4- 6 |  7- 9 || total
-------------------------+-------+-------+-------++-------
Melee: Unarmed           |   109 |   174 |   246 ||   529
       Bite              |    29 |    45 |    14 ||    88
       Kick              |     4 |     7 |     5 ||    16
       Headbutt          |     3 |    10 |       ||    13
       Punch             |       |     3 |     1 ||     4
Throw: Stone             |     3 |     2 |       ||     5
 Cast: Beastly Appendage |    18 |    22 |     5 ||    45
       Sticks to Snakes  |     6 |    10 |     4 ||    20
       Spider Form       |       |     1 |    28 ||    29
  Use: Scroll            |       |     5 |     3 ||     8
       Potion            |       |     1 |     2 ||     3
 Stab: Sleeping          |     4 |     1 |     1 ||     6
       Distracted        |       |       |     1 ||     1
  Eat: Chunk             |     4 |     5 |     9 ||    18
       Meat ration       |     1 |       |     1 ||     2
       Fruit             |       |     1 |     1 ||     2
       Royal jelly       |       |       |     1 ||     1
Armor: Robe              |    25 |    32 |    13 ||    70
       Skin              |       |       |     4 ||     4
Dodge: Dodged            |    62 |    94 |   173 ||   329
